 Dungeon Crawl Stone Soup version 0.31-a0-202-g547052bce9 (webtiles) character file.

Game seed: 3009188808263526241

112 qw the Skirmisher (level 4, -5/25 HPs)
             Began as a Deep Elf Hunter on June 26, 2023.
             Slain by a gnoll bouda
             ... wielding a +0 club
              (12 damage)
             ... on level 4 of the Dungeon.
             The game lasted 00:00:36 (2021 turns).

qw the Skirmisher (Deep Elf Hunter)                 Turns: 2021, Time: 00:00:36

Health: -5/25      AC:  4    Str: 12    XL:     4   Next: 64%
Magic:  6/6        EV: 13    Int: 14    God:
Gold:   140        SH:  0    Dex: 18    Spells: 3/3 levels left

rFire   . . .        h - +0 longbow
rCold   . . .        (shield currently unavailable)
rNeg    . . .        b - +2 robe of Neolazxo {rPois Str+2}
rPois   +            (no helmet)
rElec   .            (no cloak)
rCorr   .            (no gloves)
SInv    .            (no boots)
Will    .....        (no amulet)
Stlth   ++           d - +4 ring of slaying {mikee}
HPRegen 0.24/turn    (no ring)
MPRegen 0.10/turn

%: no passive effects
@: no status effects
A: no striking features
a: no special abilities


You were on level 4 of the Dungeon.
You visited 1 branch of the dungeon, and saw 4 of its levels.

You collected 140 gold pieces.


   Skills:
 - Level 1.5 Fighting
 - Level 8.0 Ranged Weapons
 + Level 2.6 Dodging
 - Level 1.2 Stealth


You had 3 spell levels left.
You didn't know any spells.
Your spell library was empty.

Inventory:

Hand Weapons
 h - a +0 longbow (weapon)
Armour
 b - the +2 robe of Neolazxo (worn) {rPois Str+2}
   (You found it on level 2 of the Dungeon)

   Str:       It affects your strength (+2).
   rPois:     It protects you from poison.
 c - a +0 ring mail
 f - a +1 robe of fire resistance
 i - a +0 pair of gloves
Jewellery
 d - a +4 ring of slaying (left hand) {mikee}
Scrolls
 j - a scroll of teleportation
 k - a scroll of identify
 l - a scroll of vulnerability {unknown}
 m - a scroll of enchant weapon {unknown}
Potions
 a - a potion of haste {unknown}
 e - a potion of cancellation {unknown}
 g - a potion of lignification {unknown}

Dungeon Overview and Level Annotations

Branches:
Dungeon (4/15)
 Temple: D:4-7

Altars:
Cheibriados


Message History

A worm comes into view.
A gnoll comes into view. It is wielding a +0 flail.
The gnoll bouda barks out a call to the hunt!
The gnoll picks up the pace!
The kobold throws a stone.
The stone closely misses you.
You shoot an arrow. The arrow hits the worm!
The worm is almost dead.
You shoot an arrow.
The arrow closely misses the ball python.
The ball python misses you. The ball python barely misses you.
A gnoll comes into view. It is wielding a +0 club.
You shoot an arrow. The arrow hits the worm!
You kill the worm!
The ball python barely misses you. The ball python closely misses you.
A gnoll comes into view. It is wielding a +0 flail.
An ogre comes into view. It is wielding a +0 giant spiked club.
The ball python closely misses you. The ball python barely misses you.
You shoot an arrow. The arrow hits the ball python!
You kill the ball python!
The kobold throws a stone.
The stone hits you but does no damage. The ogre closely misses you.
You shoot an arrow. The arrow hits the ogre.
The ogre is lightly wounded.
The kobold misses you.
The gnoll bouda hits you with a +0 club!
The ogre barely misses you.
You shoot an arrow. The arrow barely misses the ogre.
The kobold misses you.
A ball python comes into view.
You shoot an arrow. The ball python hisses angrily.
The arrow hits the ogre!
The ogre is heavily wounded.
The ogre barely misses you.
The kobold hits you with a +0 short sword.
The gnoll bouda hits you with a +0 club.
The gnoll hits you with a +0 club.
The kobold hits you with a +0 short sword.
The gnoll bouda hits you with a +0 club!
You die...

.# .# .# ##.# #
####..# .#
#:...######.#
#...........#
##gO.........#
#g@##........#
#%S.gK###........#
##..g# #........#
#.#. ###........#
#............>...#
#...........#.####
#...#######.#.#
... ##.#.## ###
#.....#


You could see an ogre, a gnoll bouda, 3 gnolls, a ball python and a kobold.

Vanquished Creatures
  An orc wizard (D:3)
  An adder (D:2)
  3 worms
  4 orcs (D:3)
  9 ball pythons
  5 endoplasms
  3 giant cockroaches
  10 hobgoblins
  4 jackals
  A quokka (D:1)
  2 bats (D:2)
  A frilled lizard (D:3)
  7 goblins
  4 kobolds
  5 rats
60 creatures vanquished.

Notes
Turn   | Place    | Note
-------+----------+-------------------------------------------
     0 | D:1      | qw the Deep Elf Hunter began the quest for the Orb.
     0 | D:1      | Reached XP level 1. HP: 12/12 MP: 3/3
     0 | D:1      | 0 ||| qw: Version: 0.3-a-22-g0ed2b0b
     0 | D:1      | 0 ||| qw: Game counter: 5972
     0 | D:1      | 0 ||| qw: Melee chars always use a shield: true
     0 | D:1      | 0 ||| qw: God list: Okawaru
     0 | D:1      | 0 ||| qw: Allow faded altars: false
     0 | D:1      | 0 ||| qw: Do Orc after clearing Dungeon:15 true
     0 | D:1      | 0 ||| qw: Do second Lair branch before Depths: true
     0 | D:1      | 0 ||| qw: Lair rune preference: random
     0 | D:1      | 0 ||| qw: Goals: Normal
     0 | D:1      | 0 ||| PLANNING D:1-11
   365 | D:1      | Reached skill level 6 in Ranged Weapons
   365 | D:1      | Reached XP level 2. HP: 16/16 MP: 4/4
   637 | D:1      | 637 ||| UPGRADING to +4 ring of slaying {mikee}.
   638 | D:1      | 638 ||| READING scroll labelled HAKLOA GOHEGRO.
   643 | D:1      | 643 ||| DROPPING scroll of butterflies.
   799 | D:2      | Reached XP level 3. HP: 20/20 MP: 5/5
   836 | D:2      | Found a snail-covered altar of Cheibriados.
   872 | D:2      | Identified the +2 robe of Neolazxo {rPois Str+2}
  1025 | D:2      | Reached skill level 7 in Ranged Weapons
  1343 | D:2      | 1343 ||| UPGRADING to +2 robe of Neolazxo {rPois Str+2}.
  1353 | D:2      | 1353 ||| DROPPING +0 leather armour.
  1354 | D:2      | 1354 ||| READING scroll labelled YTUEMO YROO.
  1355 | D:2      | 1355 ||| READING scroll labelled HUMOULESES.
  1356 | D:2      | 1356 ||| READING scroll labelled XAUKKI XOPPAES.
  1420 | D:3      | Reached XP level 4. HP: 25/25 MP: 6/6
  1547 | D:3      | 1547 ||| SWAPPING to +0 arbalest.
  1548 | D:3      | 1548 ||| DROPPING +0 shortbow.
  1933 | D:3      | 1933 ||| DROPPING +2 robe of positive energy.
  1934 | D:3      | 1934 ||| READING scroll labelled BUKIGU TAUWA.
  1965 | D:4      | 1965 ||| SWAPPING to +0 longbow.
  1966 | D:4      | 1966 ||| DROPPING +0 arbalest.
  1988 | D:4      | Reached skill level 8 in Ranged Weapons
  2017 | D:4      | Noticed an ogre
  2021 | D:4      | Slain by a gnoll bouda

Levels and vault maps discovered:
D:1:      matt_arrival_grand_opening, layout_basic
D:2:      layout_basic, basic_altar, minmay_misc_feat_plants
D:3:      layout_loops_cross, serial_rivers, chequers_serial_rivers_small_b,
          chequers_serial_rivers_room_a, chequers_serial_rivers_micro_c,
          chequers_serial_rivers_micro_c, chequers_serial_rivers_marsh,
          chequers_serial_rivers_room_b
D:4:      layout_loops_ring, pdpol_wu_jian_five_deadly_venoms,
          kennysheep_cluttered_room, minmay_bent

Skill      XL: |  1  2  3  4 |
---------------+-------------+-----
Ranged Weapons | 6 7 8 |  8.0
Fighting       | |  1.5
Dodging        | |  2.6
Stealth        | |  1.2

Action                     |  1- 3 |  4- 6 || total
---------------------------+-------+-------++-------
   Fire: Shortbow          |    77 |     6 ||    83
         Arbalest          |       |    16 ||    16
         Longbow           |       |    15 ||    15
    Use: Scroll            |     4 |     1 ||     5
 Armour: Leather armour    |     1 |       ||     1
         Robe              |       |     1 ||     1
  Dodge: Dodged            |     4 |    12 ||    16

Table legend:
 A = Non-vault XP
 B = Vault XP
 C = Vault XP percentage of total XP
 D = Non-vault monster count
 E = Vault monster count
 F = Vault count percentage of total count
                 A         B        C        D         E       F
            +---------+---------+-------+---------+---------+-------
      Total |     155 |       6 |   3.7 |      57 |       3 |   5.0
            +---------+---------+-------+---------+---------+-------
        D:1 |      24 |       0 |   0.0 |      13 |       0 |   0.0
        D:2 |      51 |       0 |   0.0 |      20 |       0 |   0.0
        D:3 |      72 |       0 |   0.0 |      21 |       0 |   0.0
        D:4 |       8 |       6 |  42.9 |       3 |       3 |  50.0
            +---------+---------+-------+---------+---------+-------
